 Dungeon Crawl Stone Soup version 0.19.1 (webtiles) character file.

41944 Mesmaeker13 the Tainter (level 14, -28/105 HPs)
             Began as a Formicid Venom Mage on Dec 6, 2016.
             Was a High Priest of Sif Muna.
             Annihilated by a catoblepas (30 damage)
             ... on level 4 of the Lair of Beasts.
             The game lasted 01:47:26 (22420 turns).

Mesmaeker13 the Tainter (Formicid Venom Mage)      Turns: 22420, Time: 01:47:27

Health: -28/105    AC:  5    Str: 13    XL:     14   Next: 52%
Magic:  28/28      EV: 20    Int: 20    God:    Sif Muna [*****.]
Gold:   981        SH: 12    Dex: 22    Spells: 4 memorised, 12 levels left

rFire  + . .     SeeInvis +     J - +9 falchion of Supply {flame, *Noise rElec Dex+7}
rCold  + . .     Gourm    .     l - +1 robe {rC+ rF+}
rNeg   . . .     Faith    .     e - +0 shield
rPois  .         Spirit   .     (helmet unavailable)
rElec  +         Reflect  .     u - +0 cloak
rCorr  .         Harm     .     (no gloves)
MR     +....                    F - +2 pair of boots
Stlth  +++.......               M - amulet of magic regeneration
                                I - +4 ring of dexterity
                                C - ring of wizardry (curse)

@: lethally poisoned (-28 -> -48), corroded
A: permanent stasis, dig shafts and tunnels, four strong arms, antennae 3, icy
blue scales 1, high mp 1, screaming 1
a: Dig, Shaft Self, Divine Energy, Channel Magic, Forget Spell, Renounce
Religion


You were on level 4 of the Lair of Beasts.
You worshipped Sif Muna.
Sif Muna was extremely pleased with you.
You were very hungry.

You visited 2 branches of the dungeon, and saw 18 of its levels.
You also visited: Ice Cave.

You collected 1093 gold pieces.
You spent 112 gold pieces at shops.

Inventory:

Hand Weapons
 B - a +0 lajatang
 J - the +9 falchion of Supply (weapon) {flame, *Noise rElec Dex+7}
   (You found it on level 8 of the Dungeon)

   It has been specially enchanted to burn those struck by it, causing extra
   injury to most foes and up to half again as much damage against particularly
   susceptible opponents.
   Big, fiery blades are also staple armaments of hydra-hunters.
   It affects your dexterity (+7).
   It insulates you from electricity.
   It may make noises in combat.
Armour
 e - a +0 shield (worn)
 l - a +1 robe of resistance (worn)
 s - a +2 large shield of reflection
 u - a +0 cloak (worn)
 F - a +2 pair of boots (worn)
Jewellery
 b - an uncursed ring of positive energy
 c - an uncursed ring of stealth
 C - a cursed ring of wizardry (left hand)
 I - a +4 ring of dexterity (right hand)
 L - an uncursed amulet of regeneration
 M - an amulet of magic regeneration (around neck)
Wands
 a - a wand of disintegration (3/24)
 z - a wand of polymorph (0/24)
 E - a wand of disintegration (0/24)
 P - a wand of digging (16/24)
Scrolls
 d - 2 scrolls of enchant armour
 h - a scroll of fear
 n - 2 scrolls of magic mapping
 o - a scroll of silence
 p - 4 scrolls of recharging
 v - 2 scrolls of immolation
 y - 2 scrolls of enchant weapon
 H - 6 scrolls of remove curse
Potions
 i - 4 potions of flight
 k - 3 potions of curing
 w - a potion of cancellation
 D - 5 potions of heal wounds
 K - a potion of haste
 O - a potion of ambrosia
 Q - a potion of might
Books
 j - Sif Muna's Reference Book on the Creative Birds
   (Sif Muna gifted it to you on level 2 of the Lair of Beasts)

   Spells                             Type                      Level
   a - Swiftness                      Charms/Air                   2
   b - Aura of Abjuration             Summoning                    5
   c - Summon Demon                   Summoning                    5
   d - Tornado                        Air                          9
Miscellaneous
 f - a crystal ball of energy
 g - 2 boxes of beasts
Comestibles
 m - 2 slices of pizza
 t - 9 beef jerkies
 x - 6 bread rations
 N - 2 meat rations
 T - 3 fruits


   Skills:
 - Level 8.0 Fighting
 + Level 7.5 Long Blades
 + Level 8.7 Dodging
 - Level 2.4 Stealth
 - Level 10.1 Shields
 + Level 8.0 Spellcasting
 - Level 10.0 Conjurations
 + Level 3.3 Transmutations
 - Level 5.0 Air Magic
 - Level 14.0 Poison Magic
 + Level 1.2 Invocations


You had 12 spell levels left.
You knew the following spells:

 Your Spells              Type           Power        Failure   Level  Hunger
b - Mephitic Cloud        Conj/Pois/Air  #####...     1%          3    None
c - Olgreb's Toxic Radia  Pois           ######..     1%          4    ###....
d - Venom Bolt            Conj/Pois      ######....   1%          5    #####..
e - Alistair's Intoxicat  Tmut/Pois      #####...     4%          5    #####..


Dungeon Overview and Level Annotations

Branches:
Dungeon (14/15)            Temple (0/1) D:6            Lair (3/6) D:9
    Orc (0/2) D:11
  Swamp: Lair:2-4    Shoals: Lair:2-4     Snake: Lair:2-4    Spider: Lair:2-4
 Vaults: D:13-14

Altars:
Ashenzari
Cheibriados
Dithmenos
Fedhas
Kikubaaqudgha
Qazlal
Sif Muna
Uskayaw
Xom

Shops:
D:5 %=}   D:14 !

Annotations:
D:6 2 runed doors
D:10 Sagrath01's ghost, journeyman DsWn
D:12 Frances; Sonja; Urug


Innate Abilities, Weirdness & Mutations

You are under a permanent stasis effect.
You can dig through walls and to a lower floor.
Your four strong arms can wield two-handed weapons with a shield.
You have a pair of large antennae on your head. (SInv)
You are partially covered in icy blue scales. (AC +2)
You have an increased reservoir of magic. (+10% MP)
You occasionally shout uncontrollably at your foes.


Message History

* * * LOW HITPOINT WARNING * * *
The worker ant bites you but does no damage.
A soldier ant comes into view.
The soldier ant twitches its antennae in your direction.
You turn to flesh and can move again.
Are you sure you want to shaft yourself?
You are feeling very hungry.
* * * LOW HITPOINT WARNING * * *
You feel sick.
The fungus looks more healthy.
The catoblepas misses you.
The komodo dragon completely misses you.
The worker ant completely misses you. The worker ant misses you.
The worker ant barely misses you.
You riposte.
You hit the worker ant. You burn the worker ant.
The worker ant is lightly wounded.
You begin to dig a shaft.
You continue digging a shaft.
* * * LOW HITPOINT WARNING * * *
You feel very sick. The worker ant closely misses you.
You riposte.
You barely miss the worker ant. The catoblepas gores you!!
You die...

............###
......a#.P..##
.......##aPP#
...... ##..## ###
......##...####.#
.P..........#..##
......aaa......##
.....tYla?a.P.#.#
...#aa@a.##.†.##
# #.aa#####.##
#...# #.## #...#
##.# #....# #..#
##..## #..# P..
#### #...


You could see a catoblepas, an entropy weaver, a komodo dragon, 4 soldier ants,
a crocodile and 6 worker ants.

Vanquished Creatures
  Gastronok (Lair:1)
  A frost giant (IceCv)
  Harold (D:10)
  2 hydras
  A centaur warrior (D:12)
  3 death yaks
  3 unseen horrors
  4 hill giants
  Pikel (D:7)
  An ugly thing (D:13)
  A deep elf mage (D:8)
  3 cyclopes
  2 black mambas (Lair:2)
  A guardian serpent (Lair:1)
  An ice statue (IceCv)
  A torpor snail (Lair:2)
  6 spiny frogs
  2 gargoyles
  2 komodo dragons
  2 ice devils (D:14)
  A troll (D:10)
  A jumping spider (Lair:2)
  3 two-headed ogres (D:9)
  20 polar bears
  3 blink frogs (Lair:1)
  11 hippogriffs
  A dream sheep (D:7)
  A hornet (D:11)
  A hill giant zombie (D:11)
  Sigmund (D:2)
  A wraith (D:11)
  42 yaks
  4 hungry ghosts
  A basilisk (Lair:1)
  3 soldier ants (Lair:4)
  2 wargs (D:8)
  5 water moccasins
  2 porcupines (Lair:1)
  5 sky beasts
  4 slaves (D:7)
  8 orc warriors
  3 ice beasts
  3 phantoms
  3 black bears
  5 ogres
  13 centaurs
  5 crocodiles
  15 wolves (IceCv)
  An elf zombie (D:7)
  2 wyvern zombies
  12 bullfrogs
  An elf skeleton (D:7)
  6 scorpions
  2 troll zombies (D:11)
  5 wights (D:6)
  4 killer bees (D:7)
  5 howler monkeys
  3 crimson imps
  3 centaur zombies
  2 bullfrog zombies (D:12)
  A quasit (D:12)
  4 jellies
  7 orc priests
  9 hounds
  21 orc wizards
  2 bullfrog skeletons
  3 human zombies (D:7)
  2 centaur skeletons
  A human skeleton (D:7)
  3 iguanas
  Terence (D:2)
  19 worker ants
  A killer bee zombie (D:6)
  5 ogre zombies (D:11)
  A howler monkey skeleton (D:7)
  A worker ant zombie (D:9)
  3 gnolls (D:3)
  7 adders
  2 shadow imps
  An adder zombie (D:8)
  3 worms
  5 dart slugs
  2 leopard geckos
  56 orcs
  4 giant cockroaches
  12 goblins
  7 hobgoblins
  3 jackals (D:4)
  2 quokkas
  A ball python (D:7)
  A ball python skeleton (D:6)
  13 bats
  6 frilled lizards
  2 goblin skeletons (D:11)
  3 goblin zombies (D:11)
  A hobgoblin skeleton (D:11)
  4 hobgoblin zombies (D:11)
  A jackal skeleton (D:6)
  6 kobolds
  A leopard gecko skeleton (D:9)
  A leopard gecko zombie (D:8)
  4 orc skeletons
  16 orc zombies
  A quokka skeleton (D:4)
  2 quokka zombies
  11 rats
  5 fungi
  A plant (Lair:1)
520 creatures vanquished.

Vanquished Creatures (others)
  A shadow (D:12)
1 creature vanquished.

Grand Total: 521 creatures vanquished

Notes
Turn   | Place    | Note
-------+----------+-------------------------------------------
     0 | D:1      | Mesmaeker13 the Formicid Venom Mage began the quest for the Orb.
     0 | D:1      | Reached XP level 1. HP: 13/13 MP: 3/3
   147 | D:1      | Reached XP level 2. HP: 15/19 MP: 1/5
   466 | D:1      | Reached skill level 6 in Poison Magic
   466 | D:1      | Reached XP level 3. HP: 24/24 MP: 4/6
  1031 | D:2      | Learned a level 3 spell: Mephitic Cloud
  1080 | D:2      | Noticed Sigmund
  1095 | D:2      | Killed Sigmund
  1095 | D:2      | Reached skill level 1 in Conjurations
  1095 | D:2      | Reached skill level 7 in Poison Magic
  1095 | D:2      | Reached XP level 4. HP: 27/30 MP: 1/7
  1095 | D:2      | Reached XP level 5. HP: 32/35 MP: 1/8
  1095 | D:2      | Reached XP level 6. HP: 37/41 MP: 1/9
  1420 | D:2      | Noticed Terence
  1447 | D:2      | Killed Terence
  2347 | D:3      | Reached XP level 7. HP: 30/46 MP: 4/10
  2622 | D:4      | Reached skill level 8 in Poison Magic
  2629 | D:4      | Learned a level 4 spell: Olgreb's Toxic Radiance
  2914 | D:4      | Found a deep blue altar of Sif Muna.
  2929 | D:4      | Became a worshipper of Sif Muna the Loreminder
  3005 | D:4      | Reached skill level 1 in Air Magic
  3248 | D:4      | Reached XP level 8. HP: 52/52 MP: 6/11
  3408 | D:5      | Entered Level 5 of the Dungeon
  3419 | D:5      | Found Muz Ydett's Jewellery Boutique.
  4048 | D:6      | Reached skill level 5 in Dodging
  4322 | D:6      | Reached skill level 9 in Poison Magic
  4323 | D:6      | Gained mutation: You occasionally shout uncontrollably at your foes. [potion of mutation]
  4323 | D:6      | Gained mutation: You have an increased reservoir of magic. (+10% MP) [potion of mutation]
  4323 | D:6      | Gained mutation: You are partially covered in icy blue scales. (AC +2) [potion of mutation]
  4482 | D:6      | Reached * piety under Sif Muna
  4835 | D:4      | You fall through a shaft for 3 floors!
  5055 | D:7      | Reached XP level 9. HP: 50/57 MP: 6/13
  5099 | D:7      | Found a huge runed gate.
  5099 | D:7      | Noticed a hippogriff
  5126 | D:7      | Found a shimmering altar of Xom.
  5381 | D:7      | Found a shadowy altar of Dithmenos.
  5738 | D:5      | Found a snail-covered altar of Cheibriados.
  5853 | D:5      | Found Voxtysk's Gadget Emporium.
  6043 | D:4      | Reached skill level 5 in Conjurations
  6283 | D:4      | Found an ancient bone altar of Kikubaaqudgha.
  6672 | D:5      | Identified the Handbook of the Mutagenic Entourage
  6832 | D:5      | Found Zevac's Food Shoppe.
  7029 | D:6      | Identified a scroll of acquirement
  7032 | D:6      | Got a sparkling iron amulet
  7034 | D:6      | Identified the amulet of Wifaqiyl {Harm *Drain rPois rF++ Int+2 SInv Stlth-} (You acquired it on level 6 of the Dungeon)
  7081 | D:6      | Reached skill level 10 in Poison Magic
  7304 | D:6      | Reached skill level 1 in Shields
  7383 | D:6      | Found a staircase to the Ecumenical Temple.
  7739 | D:7      | Found a huge runed gate.
  7739 | D:7      | Found a huge runed gate.
  7740 | D:7      | Found a huge runed gate.
  7740 | D:7      | Noticed a polar bear
  7741 | D:7      | Noticed a hippogriff
  7741 | D:7      | Noticed a polar bear
  7741 | D:7      | Noticed a polar bear
  7741 | D:7      | Noticed a polar bear
  7742 | D:7      | Noticed a polar bear
  7742 | D:7      | Noticed a polar bear
  7754 | D:7      | Found a shattered altar of Ashenzari.
  7754 | D:7      | Found a stormy altar of Qazlal.
  8157 | D:7      | Noticed Pikel
  8432 | D:7      | Reached ** piety under Sif Muna
  8574 | D:7      | Killed Pikel
  8574 | D:7      | Reached XP level 10. HP: 51/63 MP: 6/14
  8809 | D:7      | Reached skill level 11 in Poison Magic
  8812 | D:7      | Reached skill level 5 in Shields
  8836 | D:7      | Reached *** piety under Sif Muna
  8966 | D:7      | Reached skill level 5 in Air Magic
  8976 | D:7      | Learned a level 5 spell: Venom Bolt
  9454 | D:8      | Reached XP level 11. HP: 54/68 MP: 0/15
  9806 | D:8      | Got a bloodstained falchion
  9807 | D:8      | Identified the +9 falchion of Supply {flame, *Noise rElec Dex+7} (You found it on level 8 of the Dungeon)
 10278 | D:8      | Noticed a deep elf mage
 10294 | D:8      | Killed a deep elf mage
 10879 | D:9      | Found a staircase to the Lair.
 10937 | D:9      | Noticed a cyclops
 10947 | D:9      | Reached **** piety under Sif Muna
 10947 | D:9      | Reached skill level 12 in Poison Magic
 10957 | D:9      | Killed a cyclops
 11326 | D:9      | Found a blossoming altar of Fedhas.
 11538 | D:9      | Found a hide-covered altar of Uskayaw.
 11679 | D:10     | Entered Level 10 of the Dungeon
 11679 | D:10     | Noticed a hill giant
 11896 | D:10     | Noticed Harold
 12318 | D:10     | Noticed Sagrath01's ghost (journeyman DsWn)
 12516 | D:10     | Killed a hill giant
 12551 | Lair:1   | Entered Level 1 of the Lair of Beasts
 12820 | D:9      | Reached skill level 1 in Fighting
 13123 | Lair:1   | Reached XP level 12. HP: 72/76 MP: 15/17
 13421 | Lair:1   | Noticed Gastronok
 13872 | D:6      | Reached skill level 1 in Long Blades
 14075 | D:6      | Found a runed door.
 14087 | D:6      | Found a runed door.
 15042 | D:11     | Noticed a four-headed hydra
 15060 | D:11     | Killed a one-headed hydra
 15453 | D:11     | Found a staircase to the Orcish Mines.
 15500 | D:11     | Reached skill level 13 in Poison Magic
 15762 | D:11     | Noticed an unseen horror
 15774 | D:11     | Killed an unseen horror
 16048 | D:12     | Noticed an unseen horror
 16079 | D:12     | Killed an unseen horror
 16099 | D:12     | Noticed a centaur warrior
 16128 | D:12     | Killed a centaur warrior
 16229 | D:12     | Reached ***** piety under Sif Muna
 16238 | D:12     | Noticed Urug
 16378 | D:12     | Noticed Sonja
 16378 | D:12     | Noticed Frances
 16725 | D:13     | Noticed an unseen horror
 16795 | D:13     | Received a gift from Sif Muna
 16811 | D:13     | Killed an unseen horror
 16950 | D:13     | Reached XP level 13. HP: 90/90 MP: 19/21
 17442 | D:14     | Found Kappik's Distillery.
 17445 | D:14     | Bought a potion of heal wounds for 70 gold pieces
 17445 | D:14     | Bought a potion of curing for 42 gold pieces
 17457 | D:14     | Found a frozen archway.
 17515 | IceCv    | Entered an ice cave
 17645 | IceCv    | Reached skill level 5 in Fighting
 17819 | IceCv    | Reached skill level 5 in Spellcasting
 17935 | IceCv    | Reached skill level 10 in Shields
 18272 | IceCv    | Reached skill level 5 in Long Blades
 18586 | IceCv    | Reached skill level 14 in Poison Magic
 18962 | IceCv    | Noticed a frost giant
 19039 | IceCv    | Killed a frost giant
 19181 | IceCv    | Got a transparent short sword
 19185 | IceCv    | Identified the Tome of the Frostbite
 19669 | D:12     | Identified the +5 short sword of Embarrassment {flame, Str+5 Dex-2} (You found it in an ice cave)
 19732 | D:12     | You fall through a shaft!
 20317 | D:10     | Killed Harold
 20562 | Lair:1   | Killed Gastronok
 20562 | Lair:1   | Reached XP level 14. HP: 98/103 MP: 8/26
 21120 | Lair:1   | Reached skill level 10 in Conjurations
 21209 | Lair:1   | Learned a level 5 spell: Alistair's Intoxication
 21499 | Lair:1   | Reached skill level 1 in Transmutations
 22311 | Lair:2   | Identified Sif Muna's Reference Book on the Creative Birds (Sif Muna gifted it to you on level 2 of the Lair of Beasts)
 22311 | Lair:2   | Received a gift from Sif Muna
 22323 | Lair:2   | Reached skill level 1 in Invocations
 22360 | Lair:2   | You fall through a shaft for 2 floors!
 22410 | Lair:4   | Noticed an entropy weaver
 22419 | Lair:4   | HP: 5/105 [poisoned by a soldier ant]
 22420 | Lair:4   | HP: 2/105 [poisoned by a soldier ant]
 22420 | Lair:4   | Annihilated by a catoblepas

Skill      XL: |  1  2  3  4  5  6  7  8  9 10 11 12 13 14 |
---------------+-------------------------------------------+-----
Dodging        | 2 3 4 5 6 7 8 |  8.7
Poison Magic   | 6 7 8 9 10 11 12 13 14 | 14.0
Conjurations   | 1 2 3 4 5 6 8 9 10 | 10.0
Air Magic      | 1 2 4 5 |  5.0
Shields        | 3 5 8 9 10 | 10.1
Fighting       | 1 4 7 8 |  8.0
Long Blades    | 3 6 7 |  7.5
Spellcasting   | 4 6 8 |  8.0
Transmutations | 3 |  3.3
Invocations    | 1 |  1.2
Stealth        | |  2.4

Action                   |  1- 3 |  4- 6 |  7- 9 | 10-12 | 13-15 || total
-------------------------+-------+-------+-------+-------+-------++-------
Melee: Dagger            |    78 |   112 |   200 |    83 |       ||   473
       Whip              |       |       |    42 |       |       ||    42
       Falchion          |       |       |   148 |   401 |   474 ||  1023
 Fire: Blowgun           |       |     3 |       |     4 |       ||     7
 Cast: Sting             |    36 |    25 |   109 |    50 |    10 ||   230
       Mephitic Cloud    |     1 |     6 |    14 |    65 |    47 ||   133
       Olgreb's Toxic Ra |       |       |    10 |    19 |     8 ||    37
       Venom Bolt        |       |       |       |    34 |    38 ||    72
       Alistair's Intoxi |       |       |       |       |     3 ||     3
Invok: Divine Energy     |       |       |       |     3 |     1 ||     4
       Stop Divine Energ |       |       |       |     3 |     1 ||     4
       Forget Spell      |       |       |       |       |     1 ||     1
 Abil: Shaft Self        |       |       |     1 |       |     2 ||     3
       Dig               |       |       |     5 |     3 |       ||     8
Evoke: Wand              |       |       |     3 |     5 |     5 ||    13
  Use: Scroll            |     2 |     4 |    16 |    11 |     6 ||    39
       Potion            |     1 |       |     7 |     4 |     4 ||    16
 Stab: Sleeping          |     2 |     1 |     5 |       |     1 ||     9
       Confused          |       |     3 |     5 |    32 |    30 ||    70
  Eat: Chunk             |     1 |     5 |    13 |    28 |    26 ||    73
       Bread ration      |       |       |     3 |     4 |       ||     7
       Beef jerky        |       |       |     1 |       |       ||     1
       Pizza             |       |       |       |     1 |       ||     1
       Meat ration       |       |       |       |     1 |     1 ||     2
       Fruit             |       |       |       |     2 |     1 ||     3
       Royal jelly       |       |       |       |     1 |       ||     1
Armor: Robe              |    27 |    20 |    80 |    80 |    71 ||   278
       Skin              |       |       |       |     2 |     6 ||     8
Dodge: Dodged            |    65 |    80 |   257 |   361 |   305 ||  1068
Block: Shield            |       |       |     7 |   137 |   270 ||   414
       Rpst.: Falchion   |       |       |    25 |    75 |    54 ||   154
